Map: Ephemeron LE

Players

Majak

  • Race: Zerg Zerg
  • League: Gold
  • Spawn Location: 11:00

bablit - Winner!

  • Race: Terran Terran
  • League: Diamond
  • Spawn Location: 5:00

VOD

Have the link to the VOD?

Description

Time

  • Played on: Oct. 12, 2019, 6:14 p.m.
  • Length: 11:13
Show
View Real Time Build Order
Export as new Build Order

Majak Zerg 

Build Orders: Pool First 

Get SALT Encoding   

  12  0:00  Drone  
  13  0:12  Overlord  
  13  0:19  Drone  
  14  0:31  Drone x2  
  14  0:34  Drone  
  17  0:46  Spawning Pool  
  17  0:49  Drone  
  17  1:11  Hatchery  
  17  1:15  Drone, Extractor  
  16  1:19  Drone  
  17  1:27  Drone  
  17  1:29  Drone  
  19  1:36  Queen  
  21  1:43  Overlord  
  21  1:50  Zergling x2  
  22  2:02  Zergling x2  
  23  2:15  Roach Warren  
  23  2:18  Metabolic Boost  
  22  2:24  Drone  
  23  2:37  Queen  
  24  2:46  Drone  
  24  2:47  Zergling x4  
  24  2:48  Zergling x2  
  24  2:50  Drone x3  
  31  2:52  Drone x2  
  32  3:17  Zergling x6  
  32  3:19  Overlord x2  
  35  3:29  Extractor  
  35  3:32  Evolution Chamber  
  33  3:43  Lair  
  33  3:54  Roach x6  
  45  4:18  Roach x2  
  49  4:34  Drone x3  
  49  4:37  Extractor  
  49  4:38  Overlord, Drone  
  52  4:40  Overlord  
  51  5:07  Ravager x3  
  51  5:11  Zergling x12  
  59  5:14  Drone x2  
  58  5:41  Queen  
  58  5:42  Hydralisk Den  
  59  5:46  Roach x4  
  65  5:50  Overlord  
  65  5:51  Overlord x2  
  65  6:02  Overseer  
  65  6:08  Drone x2  
  65  6:09  Drone x2  
  65  6:10  Extractor  
  68  6:20  Overseer  
  68  6:30  Hydralisk x4  
  76  6:43  Drone x6  
  82  7:05  Hatchery  
  82  7:08  Hydralisk x5  
  79  7:13  Grooved Spines  
  89  7:16  Drone  
  89  7:19  Drone  
  89  7:21  Overlord  
  91  7:42  Hydralisk x2  
  91  7:43  Hydralisk x2  
  99  7:46  Overlord  
  99  7:55  Overlord  
  99  7:56  Overlord  
  99  8:08  Ravager x2  
  99  8:09  Ravager  
  99  8:10  Roach x2  
  106  8:16  Roach x4  
  115  8:20  Drone x2  
  115  8:24  Queen  
  118  8:29  Muscular Augments  
  118  8:36  Drone x2  
  118  8:38  Drone x2  
  118  8:40  Drone  
  123  8:42  Drone  
  71  9:25  Roach x15  
  97  9:33  Zergling x2  
  98  9:43  Drone x3  
  101  9:56  Evolution Chamber, Infestation Pit  
  99  10:04  Drone x6  
  105  10:09  Ravager x5  
  110  10:16  Extractor  
  110  10:19  Extractor  
  84  10:36  Overlord x6  
  80  10:48  Zergling x4  
Show
View Real Time Build Order
Export as new Build Order

bablit Terran - Winner!

Build Orders:  

Get SALT Encoding   

  12  0:00  SCV  
  13  0:12  SCV  
  14  0:17  Supply Depot  
  14  0:25  SCV  
  15  0:30  Refinery  
  15  0:38  SCV  
  16  0:46  Barracks  
  16  0:51  SCV  
  17  1:03  SCV  
  18  1:15  SCV  
  19  1:27  SCV  
  21  1:32  Reaper  
  21  1:38  Command Center  
  21  1:46  Orbital Command  
  21  1:57  Factory  
  21  2:15  Barracks Reactor  
  21  2:18  Supply Depot, Refinery  
  21  2:21  SCV  
  22  2:33  SCV  
  23  2:45  SCV  
  23  2:49  Starport  
  24  2:51  Orbital Command  
  24  2:57  SCV  
  25  2:58  Barracks Tech Lab  
  25  3:09  SCV  
  25  3:11  Hellion x2  
  30  3:21  Bunker, Marine, SCV, Stimpack  
  32  3:30  Starport Tech Lab  
  32  3:33  Barracks  
  32  3:41  SCV  
  32  3:49  Barracks  
  32  3:51  Factory Tech Lab  
  32  3:52  Engineering Bay  
  32  4:00  Marine, SCV x2  
  35  4:06  Supply Depot  
  36  4:17  SCV x2  
  36  4:18  Marine  
  38  4:24  Supply Depot  
  38  4:27  Supply Depot  
  38  4:29  SCV x2  
  38  4:30  Barracks Reactor  
  40  4:32  Siege Tank  
  43  4:42  Banshee  
  43  4:43  SCV x2  
  48  4:55  SCV x2  
  48  4:56  Marine x2  
  52  5:06  Supply Depot  
  52  5:10  Siege Tank  
  52  5:11  Marine x3  
  52  5:14  Marine  
  58  5:16  Supply Depot, Refinery  
  58  5:18  Marine  
  59  5:29  Marine  
  59  5:33  Barracks  
  59  5:34  SCV x2  
  62  5:37  Refinery  
  62  5:42  Command Center  
  62  5:48  SCV x2  
  64  5:50  Combat Shield  
  64  5:51  Marine x3  
  67  6:00  SCV x2  
  69  6:12  SCV x2  
  69  6:13  Terran Infantry Weapons Level 1  
  69  6:15  Engineering Bay  
  69  6:16  Armory  
  71  6:24  Supply Depot x2, Marine x2  
  73  6:26  Barracks  
  73  6:31  Barracks Reactor  
  73  6:33  SCV x2, Factory  
  73  6:37  Starport Tech Lab  
  75  6:45  SCV x2  
  77  6:50  Marine x2  
  77  6:51  Marine x2  
  81  6:55  SCV  
  81  6:57  SCV x2  
  84  7:05  Barracks  
  85  7:09  Starport Reactor, SCV x2  
  85  7:13  Marine  
  85  7:14  Marine x6  
  93  7:25  Supply Depot  
  93  7:26  Supply Depot  
  93  7:29  Orbital Command  
  93  7:30  Refinery  
  93  7:31  Marine x3  
  93  7:32  Siege Tank, Marine  
  93  7:34  Terran Infantry Armor Level 1, Refinery  
  93  7:35  Terran Vehicle Weapons Level 1  
  100  7:40  Marine x2  
  100  7:44  SCV x2  
  104  7:50  Sensor Tower  
  104  7:52  Concussive Shells  
  104  7:56  SCV x2  
  104  7:57  Barracks  
  104  7:58  SCV  
  107  8:00  Barracks  
  107  8:04  Medivac x2  
  107  8:08  SCV x2  
  107  8:10  SCV  
  107  8:11  Terran Infantry Weapons Level 2  
  110  8:13  Marine x3  
  110  8:18  Marine x2  
  115  8:20  SCV x2  
  115  8:25  SCV  
  118  8:30  Supply Depot  
  118  8:32  SCV x2  
  120  8:34  Supply Depot  
  120  8:39  Medivac x2, Supply Depot  
  124  8:51  Marine  
  124  8:52  Marine x4  
  127  8:57  Supply Depot  
  127  9:02  Marine  
  117  9:03  Marine x3  
  117  9:09  Marine  
  121  9:10  Marine x3  
  121  9:17  Marine  
  124  9:20  Marine  
  124  9:21  Marine x3  
  111  9:27  Marine  
  111  9:28  Marine x3  
  111  9:29  Medivac x2, Siege Tank  
  123  9:31  SCV x3  
  123  9:33  Barracks Reactor  
  123  9:34  Marine  
  123  9:35  Barracks Reactor  
  123  9:38  Marine x4  
  127  9:43  SCV  
  127  9:45  Marine x3  
  132  9:46  Marine  
  132  9:48  Command Center  
  132  9:52  Marine  
  136  9:56  Marine  
  136  9:59  Medivac x2  
  141  10:01  Marine x3  
  141  10:03  Marine x4  
  148  10:27  Marine x10  
  152  10:33  Marine  
  152  10:35  Marine  
  154  10:36  SCV x3  
  154  10:39  Supply Depot  
  154  10:40  Supply Depot x2  
  154  10:42  Supply Depot  
  157  10:48  SCV  
Tags
 
Add a new tag
Caveats
  • Supply blocks, unpowered buildings, or Contaminate may cause inaccurate times.
  • Supply counts are checked every 10 seconds.